 Dungeon Crawl Stone Soup version 0.30-b1-2-g02819fbbbe (webtiles) character file.

Game seed: 15501911934287684076

5360 ventricule the Cleaver (level 10, -1/90 HPs)
             Began as a Black Draconian Cinder Acolyte on May 5, 2023.
             Was an Elder of Ignis.
             Slain by a komodo dragon (26 damage)
             ... on level 1 of the Lair of Beasts.
             The game lasted 00:44:16 (10425 turns).

ventricule the Cleaver (DrCA)                      Turns: 10425, Time: 00:44:17

Health: -1/90      AC: 10    Str: 16    XL:     10   Next: 39%
Magic:  2/15       EV: 14    Int: 18    God:    Ignis [****..]
Gold:   721        SH:  0    Dex: 14    Spells: 4/16 levels left

rFire   + . .        G - +2 hand axe (freeze)
rCold   . . .        (no shield)
rNeg    . . .        (body armour unavailable)
rPois   .            (helmet restricted)
rElec   +            O - +0 cloak
rCorr   .            t - +0 pair of gloves
SInv    .            m - +0 pair of boots
Will    .....        (no amulet)
Stlth   +            B - ring of wizardry
HPRegen 0.35/turn    y - +6 ring of dexterity
MPRegen 0.14/turn

%: wizardry (x1)
@: about to teleport
A: breathe lightning, AC +7, unfitting armour, electricity resistance,
cold-blooded
a: Breathe Lightning, Renounce Religion, Fiery Armour, Foxfire Swarm, Rising
Flame


You were on level 1 of the Lair of Beasts.
You worshipped Ignis.
Ignis was greatly pleased with you.
You visited 2 branches of the dungeon, and saw 10 of its levels.
You also visited: Ossuary.

You collected 721 gold pieces.

Inventory:

Hand Weapons
 a - a +0 hand axe of flaming
 b - a +0 sling
 d - a +3 antimagic dire flail
 l - a +1 hand axe of distortion
 u - a +0 falchion of protection
 F - a +1 heavy hand axe
 G - a +2 hand axe of freezing (weapon)
Missiles
 c - 75 stones (quivered)
 k - a throwing net
 o - 25 poisoned darts
Armour
 m - a +0 pair of boots (worn)
 t - a +0 pair of gloves (worn)
 O - a +0 cloak (worn)
Magical Staves
 r - a staff of death
Jewellery
 p - a +6 ring of strength
 q - a ring of ice
 x - a ring of ice
 y - a +6 ring of dexterity (right hand)
 B - a ring of wizardry (left hand)
 L - a +6 ring of strength
Wands
 s - a wand of polymorph (11)
 A - a wand of paralysis (2)
 M - a wand of digging (4)
 N - a wand of flame (10)
Scrolls
 f - 4 scrolls of enchant armour
 w - 2 scrolls of fear
 D - a scroll of blinking
 H - a scroll of teleportation
 P - a scroll of identify
Potions
 e - 5 potions of curing
 g - 4 potions of lignification
 h - 7 potions of might
 i - 4 potions of heal wounds
 j - a potion of cancellation
 n - a potion of magic
 v - 3 potions of haste
 z - 2 potions of ambrosia {unknown}
 C - 3 potions of resistance {unknown}
 E - a potion of attraction {unknown}
 I - a potion of mutation {unknown}
 J - 2 potions of brilliance {unknown}
 K - a potion of berserk rage {unknown}
 R - a potion of flight {unknown}


   Skills:
 + Level 8.9 Fighting
 + Level 9.2 Axes
 + Level 5.5 Dodging
 - Level 3.8 Spellcasting
 - Level 3.9 Summonings
 - Level 3.0 Fire Magic
 + Level 7.2 Air Magic


You had 4 spell levels left.
You knew the following spells:

 Your Spells              Type           Power      Damage    Failure   Level
a - Scorch                Fire           28%        2d6       2%          2
b - Summon Lightning Spi  Summ/Air       23%        N/A       6%          4
c - Static Discharge      Conj/Air       32%        2-4/arc   1%          2
d - Airstrike             Air            14%        2d(3-19)  3%          4

Your spell library contained the following spells:

 Spells                   Type           Power      Damage    Failure   Level
 Apportation              Tloc           6%         N/A       6%          1
 Sandblast                Erth           6%         2d5       6%          1
 Passwall                 Tmut/Erth      2%         N/A       9%          2
 Stone Arrow              Conj/Erth      6%         3d7       17%         3
 Alistair's Intoxication  Tmut/Pois      2%         N/A       82%         5


Dungeon Overview and Level Annotations

Branches:
Dungeon (9/15)             Temple (0/1) D:5            Lair (1/5) D:9
    Orc (0/2) D:9         Ossuary (visited)

Altars:
Cheibriados
Dithmenos
Fedhas
Hepliaklqana
Makhleb
Ru
The Shining One

Annotations:
D:4 3 runed translucent doors, diceflayer's ghost, amateur DsHu
Lair:1 Urug


Innate Abilities, Weirdness & Mutations

You can breathe wild blasts of lightning.
Your glossy black scales are hard. (AC +7)
You cannot fit into any form of body armour.
You are resistant to electric shocks. (rElec)
You are cold-blooded and may be slowed by cold attacks.


Message History

Confirm with . or Enter, or press ? or * to list all spells.
An electric hum fills the air.
The komodo dragon is engulfed in poison gas.
The komodo dragon is poisoned.
The elephant is engulfed in poison gas.
The elephant is poisoned.
Aiming: Dig
Press: ? - help, Shift-Dir - straight line A rock wall.
The rock shatters into small pieces.
The komodo dragon is engulfed in poison gas.
The komodo dragon looks even sicker.
The elephant is engulfed in poison gas.
The elephant looks even sicker.
A water moccasin comes into view.
The komodo dragon is engulfed in poison gas.
The komodo dragon looks even sicker.
The komodo dragon bites you!
The elephant is engulfed in poison gas.
The elephant is poisoned.
The elephant is engulfed in poison gas.
The elephant looks even sicker.
The elephant tramples you!
You hold your ground!
The elephant closely misses you.
The water moccasin moves out of view.
The komodo dragon attacks as you move away!
The komodo dragon closely misses you. The elephant attacks as you move away!
The elephant misses you.
The elephant trunk-slaps you but does no damage.
The komodo dragon is engulfed in poison gas.
The komodo dragon looks as sick as possible!
The elephant is engulfed in poison gas.
The elephant looks even sicker.
The elephant is engulfed in poison gas.
The elephant looks as sick as possible!
An elephant comes into view.
The komodo dragon attacks as you move away!
The komodo dragon bites you!!
* * * LOW HITPOINT WARNING * * *
An elephant comes into view.
The elephant trumpets!
You hear a trumpeting!
The elephant is engulfed in poison gas.
The elephant looks even sicker.
The elephant moves out of view.
As you read the scroll of teleportation, it crumbles to dust.
You feel strangely unstable.
You hear the faint crackling of a distant melting archway.
The komodo dragon bites you!!
You die...

## #..# ####...# #.F# #..
##.####..#####.#.#..#.# #..# #..
.................!...........[...
.................................
.#.#...####..P###....##.###..P.#
# ##..# #..## ##....## ..### #..#
#...# ...## ..# #..#
##§☼#####.⌠.# .# ##..#
#§§.Yl@Y....# .# #...#
##§§Y##?...... ### ##..##
#8§##.Y......
#P####..#.##S##.........
...........☼.#...#....#.
..........§.....# #.⌠.#
......#P####...## ...# ..._..###
#...# .... #......# #>.⌠##


You could see 4 elephants, a komodo dragon (extremely poisoned), a water
moccasin and a friendly lightning spire (summoned).

Vanquished Creatures
  An elephant (Lair:1)
  Maurice (D:9)
  Joseph (Lair:1)
  A blink frog (Lair:1)
  2 yaks (D:9)
  3 steam dragons
  A human (D:9)
  A water moccasin (Lair:1)
  2 orc warriors (D:9)
  2 black bears
  3 ice beasts
  An ogre (D:6)
  A phantom (D:5)
  Blork the orc (D:4)
  5 bullfrogs
  2 scorpions (D:6)
  6 killer bees (D:8)
  A hound (D:6)
  4 orc priests
  2 gnoll boudas
  3 jellies
  A sleepcap (D:4)
  5 iguanas
  Terence (D:2)
  8 orc wizards
  8 mummies (Ossuary)
  7 gnolls
  5 adders
  2 shadow imps
  5 white imps
  2 worms
  2 dart slugs
  41 orcs
  5 endoplasms
  3 giant cockroaches
  6 goblins
  9 hobgoblins
  11 kobolds
  5 quokkas
  8 ball pythons
  5 bats
  A frilled lizard (D:1)
  2 gnoll zombies (Ossuary)
  4 hobgoblin zombies (Ossuary)
  2 orc zombies (Ossuary)
  4 rats
  A butterfly (D:5)
197 creatures vanquished.

Vanquished Creatures (collateral kills)
  2 blink frogs (Lair:1)
  A yak (D:9)
  An orc warrior (D:9)
  An orc wizard (D:8)
  A gnoll (D:8)
  3 orcs
9 creatures vanquished.

Vanquished Creatures (others)
  2 orc wizards (D:9)
  A fungus (Lair:1)
3 creatures vanquished.

Grand Total: 209 creatures vanquished

Notes
Turn   | Place    | Note
-------+----------+-------------------------------------------
     0 | D:1      | ventricule the Draconian Cinder Acolyte began the quest for
                  | the Orb.
     0 | D:1      | Reached XP level 1. HP: 19/19 MP: 2/2
   344 | D:1      | Reached XP level 2. HP: 27/27 MP: 3/3
   640 | D:2      | Noticed Terence
   993 | D:3      | Reached XP level 3. HP: 33/33 MP: 4/4
  1319 | D:3      | Reached skill level 4 in Axes
  1517 | D:3      | Learned a level 2 spell: Scorch
  1689 | D:2      | Reached XP level 4. HP: 41/41 MP: 5/5
  1894 | D:2      | Found a faded altar of an unknown god.
  2116 | D:2      | Killed Terence
  2360 | D:4      | Noticed diceflayer's ghost (amateur DsHu)
  2360 | D:4      | Noticed a water moccasin
  2366 | D:4      | Found a runed translucent gate.
  2366 | D:4      | Found a runed translucent gate.
  2378 | D:4      | Found a runed translucent gate.
  2441 | D:4      | Noticed Blork the orc
  2538 | D:4      | Reached XP level 5. HP: 13/47 MP: 3/6
  2542 | D:4      | Killed Blork the orc
  2543 | D:4      | Reached skill level 5 in Fighting
  2564 | D:4      | Reached skill level 5 in Axes
  2950 | D:4      | Reached XP level 6. HP: 53/56 MP: 7/7
  2964 | D:4      | Learned a level 4 spell: Summon Lightning Spire
  3400 | D:4      | Found a snail-covered altar of Cheibriados.
  3533 | D:5      | Entered Level 5 of the Dungeon
  3545 | D:5      | Reached skill level 1 in Dodging
  3545 | D:5      | Reached skill level 1 in Summonings
  3545 | D:5      | Reached skill level 1 in Air Magic
  3644 | D:5      | Found a staircase to the Ecumenical Temple.
  3648 | D:5      | You fall into a shaft and drop 1 floor!
  3684 | D:6      | Your scales start taking on a glossy black colour.
  3684 | D:6      | Reached XP level 7. HP: 62/62 MP: 2/9
  3684 | D:6      | Gained mutation: You are resistant to electric shocks.
                  | (rElec) [Black Draconian growth]
  4108 | D:6      | Reached skill level 6 in Axes
  4186 | D:6      | Found a hazy altar of Hepliaklqana.
  4189 | D:6      | Found a shadowy altar of Dithmenos.
  4192 | D:6      | Found a blossoming altar of Fedhas.
  4202 | D:6      | Found a glowing golden altar of the Shining One.
  4949 | D:7      | Reached XP level 8. HP: 54/70 MP: 8/11
  5002 | D:7      | Learned a level 2 spell: Static Discharge
  5733 | D:7      | Reached skill level 7 in Axes
  6042 | D:7      | Found a burning altar of Makhleb.
  7279 | D:8      | Found a sand-covered staircase.
  7365 | Ossuary  | Entered an ossuary
  7557 | Ossuary  | Reached XP level 9. HP: 79/79 MP: 11/14
  8587 | D:9      | Found a staircase to the Lair.
  8624 | D:9      | Reached skill level 8 in Axes
  8646 | D:9      | Learned a level 4 spell: Airstrike
  8728 | D:9      | Reached skill level 5 in Air Magic
  9281 | D:9      | Noticed Maurice
  9293 | D:9      | Killed Maurice
  9330 | D:9      | Reached XP level 10. HP: 37/88 MP: 2/15
  9839 | D:9      | Found a staircase to the Orcish Mines.
 10219 | Lair:1   | Entered Level 1 of the Lair of Beasts
 10239 | Lair:1   | Reached skill level 5 in Dodging
 10241 | Lair:1   | Noticed an elephant
 10252 | Lair:1   | Found a sacrificial altar of Ru.
 10267 | Lair:1   | Noticed Urug
 10313 | Lair:1   | Noticed Joseph
 10326 | Lair:1   | Killed Joseph
 10327 | Lair:1   | Reached skill level 9 in Axes
 10345 | Lair:1   | Noticed an elephant
 10365 | Lair:1   | Killed an elephant
 10383 | Lair:1   | Noticed an elephant
 10417 | Lair:1   | Noticed an elephant
 10418 | Lair:1   | Noticed an elephant
 10423 | Lair:1   | Noticed an elephant
 10424 | Lair:1   | Noticed an elephant
 10425 | Lair:1   | Slain by a komodo dragon

Illustrated notes

Levels and vault maps discovered:
D:1:      nagdon_arrival_double_spiral, layout_rooms, palyth_stone_intersect,
          minmay_tall_x
D:2:      layout_rooms, ebering_ecumenical_altar_abandoned,
          minmay_misc_feat_nine_boxes, uniq_terence
D:3:      layout_loops_ring
D:4:      layout_loops_ring, kennysheep_slug_shrine, gammafunk_ghost_split,
          glass_columns_c, kennysheep_crisscross, uniq_blork_the_orc
D:5:      layout_loops_corners, minmay_temple_entry_butterflies
D:6:      layout_basic, grunt_temple_overflow_cloverleaf
D:7:      layout_loops_ring, lightli_temple_of_fire, kennysheep_generic_room_9
D:8:      layout_gridville, enter_ossuary_1
D:9:      layout_basic, lair_entry_dummy, erik_orc_4, uniq_maurice
Lair:1:   layout_small_grid, basic_altar, portal_ice_cave_entry_ice_simulacra,
          grunt_megastairs_5, serial_bayou_shore_a, uniq_urug, uniq_joseph,
          uniq_maggie

Skill      XL: |  1  2  3  4  5  6  7  8  9 10 |
---------------+-------------------------------+-----
Fighting       | 4 5 6 7 8 |  8.9
Axes           | 4 5 6 7 8 9 |  9.2
Dodging        | 1 2 3 4 5 |  5.5
Summonings     | 1 2 3 |  3.9
Air Magic      | 1 2 4 6 7 |  7.2
Spellcasting   | 2 3 |  3.8
Fire Magic     | |  3.0

Action                     |  1- 3 |  4- 6 |  7- 9 | 10-12 || total
---------------------------+-------+-------+-------+-------++-------
  Melee: Hand axe          |   111 |   143 |   334 |    44 ||   632
         Tailslap          |     9 |    18 |    48 |    16 ||    91
         Punch             |       |     2 |     4 |       ||     6
   Fire: Sling             |    12 |     3 |       |       ||    15
   Cast: Scorch            |       |    18 |    49 |     3 ||    70
         Static Discharge  |       |       |    16 |     1 ||    17
         Summon Lightning  |       |       |     6 |     8 ||    14
         Airstrike         |       |       |     1 |       ||     1
 Invoke: Fiery Armour      |       |     2 |       |       ||     2
         Foxfire Swarm     |       |     1 |       |       ||     1
Ability: Breathe Lightning |       |       |    11 |       ||    11
  Evoke: Wand              |       |       |       |     1 ||     1
    Use: Scroll            |     2 |     6 |     7 |     4 ||    19
         Potion            |       |     4 |       |       ||     4
   Stab: Invisible         |       |     1 |       |       ||     1
         Sleeping          |       |       |     1 |       ||     1
         Distracted        |       |       |       |     2 ||     2
 Armour: Skin              |    41 |    59 |   112 |    12 ||   224
  Dodge: Dodged            |    75 |   107 |   194 |    33 ||   409
